Map: Ascension to Aiur LE

Players

Juxtapose - Winner!

  • Race: Protoss Protoss
  • League: Gold
  • Spawn Location: 5:00

ShadowHunter

  • Race: Terran Terran
  • League: Platinum
  • Spawn Location: 11:00

VOD

https://youtu.be/8apNAO1w3CA

Description

This was a fantastic match. My opponent pushed well, though that seemed to distract him from his macro game.

I was a bit late in getting my Cybernetics Core, so I decided not to open with a Stargate, and while my opponent would have countered an opening Oracle, just a few Void Rays would have helped me immensely.

Setting my Warp Prism to deploy on top of his Siege Tanks would have done better as well, and I'll remember that for next time.

Time

  • Played on: Sept. 12, 2017, 8:07 p.m.
  • Length: 14:24
Show
View Real Time Build Order
Export as new Build Order

Juxtapose Protoss - Winner!

Build Orders:  

Get SALT Encoding   

  12  0:02  Probe (Chrono Boost)  
  13  0:12  Probe (Chrono Boost)  
  14  0:20  Pylon  
  14  0:23  Probe (Chrono Boost)  
  15  0:38  Probe (Chrono Boost)  
  15  0:40  Gateway  
  16  0:49  Probe (Chrono Boost)  
  17  0:56  Assimilator  
  17  1:00  Probe (Chrono Boost)  
  18  1:10  Probe (Chrono Boost)  
  19  1:21  Probe (Chrono Boost), Assimilator  
  20  1:29  Zealot  
  22  1:35  Probe (Chrono Boost)  
  23  1:45  Cybernetics Core  
  23  1:52  Pylon  
  22  2:02  Probe (Chrono Boost)  
  22  2:13  Probe (Chrono Boost)  
  23  2:21  Pylon  
  23  2:26  Warp Gate  
  23  2:27  Pylon  
  23  2:29  Mothership Core (Chrono Boost)  
  25  2:46  Nexus  
  25  2:47  Probe (Chrono Boost)  
  25  2:48  Pylon  
  26  2:58  Probe (Chrono Boost)  
  27  3:04  Adept  
  29  3:08  Probe (Chrono Boost)  
  30  3:19  Probe (Chrono Boost)  
  31  3:29  Probe (Chrono Boost)  
  31  3:32  Adept  
  34  3:37  Pylon  
  34  3:51  Robotics Facility  
  34  3:59  Twilight Council, Adept  
  36  4:04  Probe (Chrono Boost)  
  36  4:07  Probe (Chrono Boost)  
  38  4:15  Probe (Chrono Boost)  
  39  4:18  Probe (Chrono Boost)  
  40  4:25  Probe (Chrono Boost)  
  40  4:29  Forge  
  41  4:37  Gateway  
  41  4:38  Probe x2 (Chrono Boost)  
  43  4:48  Probe x2 (Chrono Boost)  
  43  4:50  Observer  
  46  4:58  Resonating Glaives (Chrono Boost), Probe  
  46  5:02  Probe  
  48  5:09  Pylon, Probe  
  49  5:18  Warp Prism  
  49  5:20  Protoss Ground Weapons Level 1  
  51  5:24  Photon Cannon  
  51  5:26  Probe  
  52  5:30  Photon Cannon  
  52  5:36  Probe, Assimilator  
  52  5:40  Assimilator  
  53  5:47  Probe  
  53  5:48  Stalker  
  56  5:54  Immortal  
  60  5:58  Pylon  
  60  6:03  Photon Cannon  
  54  6:09  Probe  
  53  6:12  Zealot  
  53  6:13  Zealot  
  57  6:19  Probe  
  57  6:20  Gateway  
  57  6:22  Gateway  
  58  6:38  Zealot x2  
  44  6:59  Zealot x2  
  42  7:05  Immortal  
  44  7:12  Probe  
  45  7:22  Probe  
  40  7:24  Zealot x2  
  39  7:44  Immortal  
  39  7:47  Adept x4  
  51  8:04  Nexus  
  51  8:08  Pylon  
  51  8:11  Probe  
  52  8:23  Immortal (Chrono Boost), Probe, Protoss Ground Armor Level 1  
  57  8:34  Stalker x2  
  61  8:56  Stalker  
  61  8:57  Stalker  
  65  9:08  Robotics Bay  
  65  9:11  Probe  
  65  9:17  Adept  
  68  9:20  Probe  
  68  9:23  Probe  
  70  9:28  Assimilator  
  70  9:30  Probe  
  70  9:35  Probe  
  76  9:39  Immortal (Chrono Boost)  
  76  9:50  Probe  
  77  10:00  Probe  
  78  10:11  Probe  
  79  10:14  Nexus  
  79  10:20  Stalker, Adept x2  
  79  10:21  Stalker  
  87  10:49  Pylon  
  85  10:52  Pylon  
  72  11:15  Adept x4  
  58  11:48  Stalker x3  
  58  11:49  Stalker  
  62  12:15  Stargate  
  56  12:22  Stalker x4  
  56  12:45  Immortal (Chrono Boost)  
  54  13:08  Stalker x4  
  54  13:15  Void Ray (Chrono Boost)  
  54  13:16  Immortal (Chrono Boost), Probe  
  63  13:27  Probe  
  64  13:37  Probe  
  65  13:48  Probe  
  65  13:49  Stalker x2  
  65  13:50  Stalker x2  
  82  14:03  Assimilator  
  82  14:05  Assimilator  
  82  14:07  Stargate  
Show
View Real Time Build Order
Export as new Build Order

ShadowHunter Terran 

Build Orders:  

Get SALT Encoding   

  12  0:01  SCV  
  13  0:14  SCV  
  14  0:19  Supply Depot  
  14  0:26  SCV  
  15  0:37  Refinery  
  15  0:45  Barracks  
  15  1:02  SCV  
  16  1:14  Refinery  
  16  1:33  Orbital Command  
  16  1:35  Marine  
  16  1:36  Supply Depot  
  17  1:53  Factory  
  17  2:07  Barracks Reactor  
  17  2:13  SCV  
  18  2:25  SCV  
  19  2:37  SCV  
  19  2:41  Factory Tech Lab  
  19  2:43  Supply Depot  
  20  2:44  Marine x2  
  20  2:49  SCV  
  23  2:57  Engineering Bay  
  23  3:01  SCV  
  23  3:02  Marine x2  
  26  3:09  Siege Tank  
  29  3:17  SCV  
  30  3:26  Missile Turret  
  30  3:31  Marine x2  
  32  3:38  SCV  
  32  3:39  Starport  
  33  3:47  Siege Tank  
  36  3:59  SCV  
  37  4:09  Supply Depot  
  37  4:14  Liberator  
  37  4:25  Command Center  
  40  4:36  Siege Tank  
  43  4:43  Supply Depot  
  43  4:51  Marine x2  
  45  5:07  Factory, SCV  
  46  5:20  SCV  
  47  5:22  Starport Tech Lab  
  47  5:23  Siege Tank  
  50  5:36  Missile Turret  
  50  6:17  Marine x2  
  52  6:20  Factory Reactor  
  52  6:22  Siege Tank  
  46  6:51  Marine x2  
  47  7:07  Siege Tank  
  50  7:09  Marine x2  
  48  7:41  Siege Tank, Marine x2  
  49  7:50  SCV  
  47  7:53  SCV  
  47  7:56  Refinery  
  48  8:04  Orbital Command  
  48  8:07  Refinery  
  48  8:10  Raven  
  50  8:16  Hellion  
  50  8:17  Hellion  
  54  8:20  Armory  
  54  8:25  Cyclone  
  54  8:27  Marine x2  
  59  8:34  Missile Turret  
  59  8:37  SCV x2  
  59  8:38  Cyclone  
  64  8:46  Marine x2  
  64  8:48  Supply Depot  
  66  8:49  SCV  
  67  8:57  Liberator  
  67  9:02  Command Center  
  67  9:03  Cyclone  
  73  9:26  Marine x2  
  75  9:42  Supply Depot  
  75  9:44  Supply Depot  
  75  9:45  Supply Depot  
  75  9:59  Terran Vehicle And Ship Armor Level 1  
  75  10:01  Supply Depot  
  76  10:07  SCV x2  
  76  10:10  Factory  
  77  10:14  Liberator  
  77  10:19  SCV x2  
  79  10:32  SCV x2  
  79  10:52  Missile Turret  
  63  11:13  Missile Turret  
  63  11:17  Marine x2  
  38  11:35  Missile Turret, Marine  
  38  11:43  Marine  
  38  11:46  Hellbat  
  41  11:53  Marine  
  27  13:54  Refinery  
Tags
 
Add a new tag
Caveats
  • Supply blocks, unpowered buildings, or Contaminate may cause inaccurate times.
  • Supply counts are checked every 10 seconds.